 Dungeon Crawl Stone Soup version 0.30.1-3-gfc49f6343a (webtiles) character file.

Game seed: 18007509250922292922

99 Zeor the Cudgeller (level 4, 0/29 HPs)
             Began as a Gargoyle Monk on July 24, 2023.
             Slain by a worm (2 damage)
             ... on level 2 of the Dungeon.
             The game lasted 00:03:40 (951 turns).

Zeor the Cudgeller (Gargoyle Monk)                   Turns: 951, Time: 00:03:41

Health: 0/29       AC:  6    Str: 16    XL:     4   Next: 72%
Magic:  4/4        EV: 12    Int: 11    God:
Gold:   36         SH:  0    Dex: 12    Spells: 3/3 levels left

rFire   . . .        j - staff of cold
rCold   + . .        d - orb {light}
rNeg    + . .        b - +1 robe
rPois   ∞            (no helmet)
rElec   +            (no cloak)
rCorr   .            (no gloves)
SInv    .            (no boots)
Will    .....        (no amulet)
Stlth   +            (no ring)
HPRegen 0.24/turn    (no ring)
MPRegen 0.09/turn

%: no passive effects
@: mighty, flying, glowing
A: sickness immunity, AC +3, negative energy resistance 1, electricity
resistance, torment resistance 1, petrification resistance
a: no special abilities


You were on level 2 of the Dungeon.
You visited 1 branch of the dungeon, and saw 2 of its levels.

You collected 36 gold pieces.

Inventory:

Hand Weapons
 a - a +0 mace
Armour
 b - a +1 robe (worn)
 d - an orb of light (worn)
Magical Staves
 j - a staff of cold (weapon)
Jewellery
 e - a +6 ring of intelligence
Potions
 c - a potion of ambrosia
 f - a potion of curing
 k - a potion of might


   Skills:
 + Level 3.9 Fighting
 + Level 4.0(4.1) Maces & Flails
 * Level 1.5(3.0) Staves
 + Level 3.0 Dodging
 + Level 0.6 Stealth


You had 3 spell levels left.
You didn't know any spells.
Your spell library was empty.

Dungeon Overview and Level Annotations

Branches:
Dungeon (2/15)

Altars:


Innate Abilities, Weirdness & Mutations

You are immune to sickness and miasma.
Your stone body is resilient. (AC +3)
You are immune to poison.
You resist negative energy. (rN+)
You are resistant to electric shocks. (rElec)
You are resistant to unholy torment.
You are immune to petrification.


Message History

You feel very buoyant.
You fly up into the air.
The gnoll hits you with a +0 whip.
You hit the gnoll but do no damage.
The gnoll is severely wounded.
The gnoll hits you with a +0 whip.
It was a potion of might.
You feel very mighty all of a sudden. The gnoll hits you with a +0 whip.
You hit the gnoll!
You kill the gnoll!
The gnoll throws a curare-tipped dart.
The curare-tipped dart misses you. The gnoll hits you but does no damage.
The gnoll closely misses you.
Things that are here:
a +0 whip; 5 stones You hit the gnoll.
The gnoll is moderately wounded.
The gnoll barely misses you. The gnoll closely misses you.
You hit the gnoll.
The gnoll is severely wounded.
The gnoll hits you from afar with a +0 spear.
The gnoll hits you with a +0 hand axe.
You hit the gnoll!
You kill the gnoll!
The gnoll hits you but does no damage.
You hit the gnoll!
The gnoll is almost dead.
The gnoll hits you from afar with a +0 spear.
The gnoll barely misses you.
You hit the gnoll!
You kill the gnoll!
The gnoll hits you from afar with a +0 spear!
* * * LOW HITPOINT WARNING * * *
Your Maces & Flails skill increases to level 4!
Your Dodging skill increases to level 3!
You hit the worm!
The worm is heavily wounded.
The gnoll hits you from afar with a +0 spear.
* * * LOW HITPOINT WARNING * * *
The worm bites you.
You die...

∙∙∙∙∙∙∙∙∙∙∙∙∙∙∙▒
▒∙▒
▒▒▒∙▒▒▒▒▒∙∙∙∙∙∙▒
▒∙▒ ▒∙▒ ▒∙∙∙∙∙∙∙∙▒
▒∙▒ ▒∙▒ ▒∙∙∙∙∙∙∙∙▒
∙∙▒ ▒)▒ ▒∙∙∙∙∙∙∙∙▒
▒▒▒ ▒∙▒
▒∙∙∙∙▒▒▒▒▒▒▒ ▒∙▒
▒∙∙∙∙∙∙∙∙∙∙▒ ▒∙▒
▒∙∙∙∙▒▒▒▒▒∙▒ ▒∙▒
▒∙∙∙∙▒ ▒9▒
▒∙▒▒▒∙∙∙∙▒ ▒▒▒w▒▒
▒∙∙∙∙▒▒▒▒▒ ▒∙∙∙g▒
▒▒▒▒∙▒▒▒▒▒▒▒∙∙∙∙▒
▒∙▒▒∙∙∙∙∙∙∙))▒▒▒▒▒
∙[∙∙∙∙∙∙∙∙∙∙∙∙∙∙∙▒
▒▒∙▒∙∙∙∙∙∙∙∙∙∙∙∙∙∙▒
∙∙▒∙∙∙∙∙∙∙∙∙∙∙∙∙∙▒
▒▒▒∙∙∙∙∙∙∙∙∙∙∙∙∙∙▒


You could see a worm and a gnoll.

Vanquished Creatures
  3 gnolls (D:2)
  4 dart slugs
  3 ball pythons (D:1)
  4 bats (D:1)
  An endoplasm (D:2)
  2 giant cockroaches (D:1)
  8 hobgoblins
  3 jackals (D:1)
  9 kobolds
  2 quokkas
  2 frilled lizards (D:1)
  4 goblins
  11 rats (D:1)
56 creatures vanquished.

Notes
Turn   | Place    | Note
-------+----------+-------------------------------------------
     0 | D:1      | Zeor the Gargoyle Monk began the quest for the Orb.
     0 | D:1      | Reached XP level 1. HP: 14/14 MP: 1/1
    80 | D:1      | Reached XP level 2. HP: 8/19 MP: 2/2
   277 | D:1      | Reached XP level 3. HP: 18/23 MP: 3/3
   582 | D:1      | Found a faded altar of an unknown god.
   779 | D:2      | Reached XP level 4. HP: 26/29 MP: 4/4
   863 | D:2      | Reached skill level 1 in Staves
   951 | D:2      | Reached skill level 4 in Maces & Flails
   951 | D:2      | Slain by a worm

Illustrated notes

Levels and vault maps discovered:
D:1:      tarquinn_simple_flora_water_e, layout_rooms, basic_ecumenical_altar,
          minmay_rat_gold_closets
D:2:      layout_basic, serial_shops, nicolae_shop_waterfront, st_stairs_2

Skill      XL: |  1  2  3  4 |
---------------+-------------+-----
Staves         | 1 |  1.5
Maces & Flails | 4 |  4.0
Dodging        | 3 |  3.0
Fighting       | |  3.9
Stealth        | |  0.6

Action                     |  1- 3 |  4- 6 || total
---------------------------+-------+-------++-------
  Melee: Mace              |    99 |       ||    99
         Staff             |    11 |    47 ||    58
    Use: Scroll            |     4 |       ||     4
         Potion            |       |     4 ||     4
 Armour: Robe              |    39 |    17 ||    56
  Dodge: Dodged            |    63 |    38 ||   101
